 Dungeon Crawl Stone Soup version 0.20.0-4-g10b340a (webtiles) character file.

160 RKaid the Sneak (level 5, -1/28 HPs)
             Began as a Spriggan Wanderer on May 28, 2017.
             Killed from afar by an orc wizard (9 damage)
             ... with a puff of frost
             ... on level 3 of the Dungeon.
             The game lasted 00:11:55 (2453 turns).

RKaid the Sneak (Spriggan Wanderer)                 Turns: 2453, Time: 00:11:55

Health: -1/28      AC:  4    Str:  7    XL:     5   Next: 17%
Magic:  7/7        EV: 20    Int: 15    God:
Gold:   117        SH:  0    Dex: 16    Spells: 4/4 levels left

rFire    . . .     SeeInvis +   a - +3 spear
rCold    . . .     Gourm    .   (shield restricted)
rNeg     . . .     Faith    .   d - +0 robe
rPois    .         Spirit   .   (helmet restricted)
rElec    .         Reflect  .   (no cloak)
rCorr    .         Harm     .   (gloves unavailable)
MR       +....                  (boots unavailable)
Stlth    +++.......             (no amulet)
Regen    0.1/turn               n - +2 ring of protection
MPRegen  0.1/turn               h - ring of protection from magic {MR+}

@: very quick
A: unfitting armour, see invisible, herbivore 3, speed 3, slow metabolism 2
a: no special abilities


You were on level 3 of the Dungeon.
You were not hungry.

You visited 1 branch of the dungeon, and saw 3 of its levels.

You collected 117 gold pieces.

Inventory:

Hand Weapons
 a - a +3 spear (weapon)
 b - a +0 dagger
Missiles
 q - 44 stones (quivered)
Armour
 d - a +0 robe (worn)
Jewellery
 h - a ring of protection from magic (right hand) {MR+}
   (You found it on level 2 of the Dungeon)
 n - a +2 ring of protection (left hand)
   (You found it on level 1 of the Dungeon)
 s - an uncursed ring of poison resistance {rPois}
   (You found it on level 2 of the Dungeon)
Wands
 D - a wand of digging (16/24)
   (You found it on level 3 of the Dungeon)
Scrolls
 e - 2 scrolls of teleportation
 l - a scroll of enchant weapon
 m - a scroll of magic mapping {!r}
Potions
 c - a potion of lignification {!q}
 g - a potion of curing {unknown}
 k - 2 potions of invisibility
 o - 2 potions of agility
 p - a potion of flight {unknown}
 r - a potion of brilliance {unknown}
Comestibles
 f - 2 bread rations
 j - a royal jelly


   Skills:
 + Level 3.3 Fighting
 + Level 1.9 Polearms
 + Level 4.9 Dodging
 + Level 5.0 Stealth
 - Level 1.3 Evocations


You had 4 spell levels left.
You didn't know any spells.

Dungeon Overview and Level Annotations

Branches:
Dungeon (3/15)

Altars:
Hepliaklqana

Annotations:
D:2 Sigmund
D:3 exclusion: Ijyb, Ijyb


Innate Abilities, Weirdness & Mutations

You are very small and have problems with some larger weapons.
You are too small for most types of armour.
You have supernaturally acute eyesight. (SInv)
You are a herbivore.
You cover ground extremely quickly.
You need consume almost no food.


Message History

You have reached level 5!
You feel clever.
You hit the orc. The orc closely misses you.
You closely miss the orc. The orc barely misses you.
You hit the orc.
You kill the orc!
You closely miss the orc. The orc completely misses you.
You hit the orc. The orc closely misses you.
You barely miss the orc. The orc closely misses you.
You hit the orc.
You kill the orc!
Items here: ))) [ †† a falchion of holy wrath; a club; a dagger; a robe; an orc corpse x2
Press: ? - help, v - describe, . - travel, g - get item A falchion of holy wrath.
There is something else lying underneath.
The floor, spattered with blood.
You start resting.
Things that are here:
a club; an orc corpse You see here a ring mail.
Adjust (i)tems, (s)pells, or (a)bilities?
Adjust which item? (? for menu, Esc to quit)
e - a +0 dagger Adjust to which letter? (? for menu, Esc to quit)
b - a +0 dagger;
e - 2 scrolls of teleportation A jackal comes into view.
Marking area around Ijyb as unsafe for travelling.
A jackal and Ijyb come into view.
Unknown command.
Press: ? - help, v - describe, . - travel
Here: Ijyb, wielding a club and wearing a leather armour (resting)
The floor.
Unknown command.
Unknown command.
You see here a ring mail.
You see here a robe.
Found a hazy altar of Hepliaklqana.
q - 43 stones (gained 22)
o - 2 black potions (gained 1)
A kobold comes into view. It is wielding a short sword.
Found a stone staircase leading up.
Attack whom?
Press: ? - help, Dir - move target cursor, f - kobold
Aim: a kobold, wielding a short sword (resting)
You reach to attack!
The helpless kobold fails to defend itself.
You hit the kobold.
You kill the kobold!
A frilled lizard comes into view.
The frilled lizard hisses angrily.
You see here a wand of digging (?/24).
D - a wand of digging (?/24) Attack whom?
Press: ? - help, Dir - move target cursor, f - frilled lizard
Aim: a frilled lizard You reach to attack!
You closely miss the frilled lizard. You miss the frilled lizard.
The frilled lizard barely misses you.
You closely miss the frilled lizard.
The frilled lizard bites you but does no damage.
You miss the frilled lizard. The frilled lizard misses you.
You hit the frilled lizard.
You kill the frilled lizard!
You see here a frilled lizard corpse.
There is a stone staircase leading up here.
You now have 117 gold pieces (gained 9).
As you read the scroll of identify, it crumbles to dust.
o - 2 potions of agility Unknown command.
There is a stone staircase leading up here.
q - 44 stones (gained 1)
You see here a short sword.
A bat comes into view.
The bat moves out of view.
An orc wizard comes into view. It is wielding an enchanted dagger.
The orc wizard shouts!
You closely miss the bat. The bat barely misses you.
An orc comes into view. It is wielding a dagger.
Attack whom?
Press: ? - help, Dir - move target cursor, f - orc wizard
Aim: an orc wizard, wielding an enchanted dagger and wearing a robe You reach to attack!
You hit the orc wizard. The orc wizard casts a spell at you.
The magic dart hits you!
Attack whom?
Press: ? - help, Dir - move target cursor, f/p - orc wizard
Aim: an orc wizard, wielding an enchanted dagger and wearing a robe (lightly wounded)
You reach to attack!
You hit the orc wizard but do no damage.
You hit the orc wizard. The orc wizard closely misses you.
You hit the orc wizard. The orc wizard casts a spell at you.
The puff of frost hits you!
* * * LOW HITPOINT WARNING * * *
The orc shouts!
The orc wizard misses you.
An orc and an orc wizard come into view.
The orc wizard points at you and mumbles some strange words.
The puff of frost hits you!
You die...

##.[..........
###..#....###
#..#....##
#.######.###....##
#.................
####....###.#.###
####.##.# #.#.#
########....##.#
#.#.#
#.bo...@[####..#
#).†# #.########
######..###
.o.o....#
#........
......###
#....<... ...o.#
#........ ..o..
#........ ....
######### ###


You could see an orc wizard and a bat.

Vanquished Creatures
  Terence (D:2)
  An orc wizard (D:3)
  7 adders
  2 leopard geckos
  4 orcs (D:3)
  3 goblins (D:1)
  3 hobgoblins
  5 jackals
  A ball python (D:2)
  6 bats
  4 frilled lizards
  6 kobolds
  3 rats
46 creatures vanquished.

Notes
Turn   | Place    | Note
-------+----------+-------------------------------------------
     0 | D:1      | RKaid the Spriggan Wanderer began the quest for the Orb.
     0 | D:1      | RKaid set off with: a +2 spear, a scroll of teleportation, a potion of lignification {!q}, a +0 robe, a +0 dagger, a bread ration
     0 | D:1      | Reached XP level 1. HP: 11/11 MP: 3/3
   122 | D:1      | Reached XP level 2. HP: 6/16 MP: 4/4
   802 | D:2      | Reached skill level 4 in Dodging
  1203 | D:2      | Reached XP level 3. HP: 13/19 MP: 5/5
  1292 | D:2      | Reached skill level 4 in Stealth
  1570 | D:2      | Reached skill level 3 in Fighting
  1570 | D:2      | Reached XP level 4. HP: 17/24 MP: 6/6
  1731 | D:2      | Noticed Sigmund
  1891 | D:2      | Noticed Terence
  1976 | D:2      | Killed Terence
  2279 | D:3      | Reached skill level 5 in Stealth
  2279 | D:3      | Reached XP level 5. HP: 24/28 MP: 7/7
  2339 | D:3      | Noticed Ijyb
  2373 | D:3      | Found a hazy altar of Hepliaklqana.
  2453 | D:3      | Killed from afar by an orc wizard

Skill      XL: |  1  2  3  4 |
---------------+-------------+-----
Dodging        | 4 |  4.9
Stealth        | 4 5 |  5.0
Fighting       | 3 |  3.3
Polearms       | |  1.9
Evocations     | |  1.3

Action                   |  1- 3 |  4- 6 || total
-------------------------+-------+-------++-------
Melee: Spear             |   129 |    95 ||   224
Throw: Stone             |     2 |       ||     2
  Use: Scroll            |     4 |     1 ||     5
 Stab: Sleeping          |     4 |     4 ||     8
Armor: Robe              |    14 |     5 ||    19
Dodge: Dodged            |    79 |    45 ||   124

Table legend:
 A = Turns spent in this place as a percentage of turns spent in the entire game.
 B = Non-inter-level travel turns spent in this place as a percentage of non-inter-level travel turns spent in the entire game.
 C = Inter-level travel turns spent in this place as a percentage of turns spent in this place.
 D = Turns resting spent in this place as a percentage of non-inter-level travel turns spent in this place.
 E = Turns spent auto-exploring this place as a percentage of non-inter-level travel turns spent in this place.
 F = Non-inter-level travel turns spent in this place divided by the number of levels of this place that you've seen.
                   A       B       C       D       E      F
               +-------+-------+-------+-------+-------+----------------------
         Total | 100.0 | 100.0 |   0.2 |   3.1 |   1.7 | 364.0
       Dungeon | 100.0 | 100.0 |   0.2 |   3.1 |   1.7 | 364.0
               +-------+-------+-------+-------+-------+----------------------

Table legend:
 A = Kills in this place as a percentage of kills in entire the game.
 B = Kills by you in this place as a percentage of kills by you in the entire game.
 C = Kills by friends in this place as a percentage of kills by friends in the entire game.
 D = Other kills in this place as a percentage of other kills in the entire game.
 E = Experience gained in this place as a percentage of experience gained in the entire game.
 F = Experience gained in this place divided by the number of levels of this place that you have seen.
                   A       B       C       D       E      F
               +-------+-------+-------+-------+-------+----------------------
         Total | 100.0 | 100.0 |  -nan |  -nan | 100.0 |  76.3
       Dungeon | 100.0 | 100.0 |  -nan |  -nan | 100.0 |  76.3
               +-------+-------+-------+-------+-------+----------------------
